 Dungeon Crawl Stone Soup version 0.25-a0-576-g50b708a (webtiles) character file.

Game seed: 4298482002564804669, levelgen mode: deterministic

105609 CanOfBees the Fighter (level 15, -6/134 HPs)
             Began as a Grey Draconian Summoner on Mar 2, 2020.
             Was an Elder of Sif Muna.
             Mangled by Nessos the shock serpent (13 damage)
             ... on level 2 of the Orcish Mines on Mar 3, 2020.
             The game lasted 01:31:34 (40147 turns).

CanOfBees the Fighter (Grey Draconian Summoner)    Turns: 40147, Time: 01:31:35

Health: -6/134     AC: 20    Str: 11    XL:     15   Next: 95%
Magic:  38/38      EV: 14    Int: 21    God:    Sif Muna [****..]
Gold:   1606       SH:  0    Dex: 12    Spells: 8/34 levels left

rFire    . . .     SeeInvis +   a - +3 demon blade (flame)
rCold    . . .     Gourm    .   Q - +1 kite shield
rNeg     . . .     Faith    .   (armour unavailable)
rPois    .         Spirit   .   j - +2 hat {SInv}
rElec    .         Reflect  .   (no cloak)
rCorr    .         Harm     .   S - +2 pair of gloves
MR       +....                  J - +0 pair of boots
Stlth    +.........             r - amulet of regeneration
HPRegen  0.72/turn              g - ring of wizardry
MPRegen  0.26/turn              c - ring of magical power

@: confused, lethally poisoned (-6 -> -6)
A: walk through water, unfitting armour, unbreathing, cold-blooded, AC +14
a: Channel Magic, Forget Spell, Divine Exegesis, Renounce Religion


You were on level 2 of the Orcish Mines.
You worshipped Sif Muna.
Sif Muna was greatly pleased with you.
You were not hungry.

You visited 4 branches of the dungeon, and saw 24 of its levels.
You also visited: Bailey.

You collected 1742 gold pieces.
You spent 136 gold pieces at shops.

Inventory:

Hand Weapons
 a - a +3 demon blade of flaming (weapon)
 b - the +7 rapier "Gyarphij" {freeze, rPois rN++}
   (You found it on level 6 of the Lair of Beasts)

   It has been specially enchanted to freeze those struck by it, causing extra
   injury to most foes and up to half again as much damage against particularly
   susceptible opponents.
   It can also slow down cold-blooded creatures.
   It protects you from poison.
   It greatly protects you from negative energy.
Missiles
 f - 757 stones (quivered)
 p - 55 poisoned darts
 q - 670 arrows
 u - 6 silver javelins
 x - a throwing net
 D - 5 javelins
 F - 32 boomerangs
Armour
 j - a +2 hat of see invisible (worn)
 J - a +0 pair of boots (worn)
 Q - a +1 kite shield (worn)
 S - a +2 pair of gloves (worn)
Magical Staves
 w - an uncursed staff of energy
Jewellery
 c - a ring of magical power (right hand)
 g - a ring of wizardry (left hand)
 r - an amulet of regeneration (around neck)
 v - an uncursed ring of protection from fire
Wands
 e - a wand of paralysis (5)
 m - a wand of iceblast (20)
 o - a wand of polymorph (5)
 B - a wand of digging (10)
 G - a wand of enslavement (6)
 K - a wand of flame (24)
 T - a wand of acid (11)
Scrolls
 i - a scroll of fog
 s - 2 scrolls of fear
 C - 7 scrolls of remove curse
 N - 4 scrolls of identify
 O - a scroll of immolation
 U - 2 scrolls of blinking
Potions
 t - 3 potions of stabbing
 A - a potion of might
 H - a potion of brilliance
 I - 2 potions of flight
 L - 5 potions of curing
 M - 2 potions of magic
 Y - a potion of cancellation
Miscellaneous
 h - a lightning rod (4/4)
 k - 3 sacks of spiders
 l - a fan of gales
Comestibles
 V - 40 rations


   Skills:
 + Level 12.6 Fighting
 * Level 9.3 Long Blades
 - Level 7.0 Dodging
 - Level 1.7 Stealth
 + Level 6.5 Shields
 - Level 10.0 Spellcasting
 - Level 4.0 Conjurations
 - Level 6.0 Hexes
 - Level 10.0 Summonings
 - Level 2.4 Translocations
 - Level 4.0 Transmutations
 - Level 5.0 Ice Magic
 - Level 5.0 Air Magic
 - Level 6.1 Earth Magic
 - Level 8.0 Invocations
 + Level 4.6 Evocations


You had 8 spell levels left.
You knew the following spells:

 Your Spells              Type           Power        Failure   Level  Hunger
a - Summon Small Mammal   Summ           ####         1%          1    None
b - Call Imp              Summ           ######..     1%          2    None
c - Call Canine Familiar  Summ           ######..     1%          3    None
d - Summon Lightning Spi  Summ/Air       #####...     3%          4    ##.....
e - Summon Ice Beast      Ice/Summ       #####...     3%          4    ##.....
f - Summon Guardian Gole  Hex/Summ       #####...     1%          3    None
g - Sticks to Snakes      Tmut           ####....     2%          2    None
h - Stone Arrow           Conj/Erth      ####..       2%          3    None
i - Apportation           Tloc           ###...       3%          1    None
j - Mephitic Cloud        Conj/Pois/Air  ###.....     7%          3    None

Your spell library contained the following spells:

 Spells                   Type           Power        Failure   Level  Hunger
 Beastly Appendage        Tmut           ####..       1%          1    None
 Corona                   Hex            #####..      1%          1    None
 Summon Butterflies       Summ           ######..     1%          1    None
 Tukima's Dance           Hex            #####...     1%          3    None
 Dazzling Flash           Conj/Hex       ####..       3%          3    None
 Static Discharge         Conj/Air       ####....     3%          3    None
 Portal Projectile        Hex/Tloc       ####..       4%          3    None
 Inner Flame              Hex/Fire       ###.....     7%          3    None
 Animate Skeleton         Necr           N/A          8%          1    None
 Gell's Gravitas          Tloc           ###.......   9%          3    None
 Lesser Beckoning         Tloc           ###.......   9%          3    None
 Ozocubu's Armour         Chrm/Ice       ###.....     9%          3    None
 Spider Form              Tmut/Pois      ###.......   11%         3    None
 Ice Form                 Ice/Tmut       ####....     12%         4    ##.....
 Vampiric Draining        Necr           ##........   22%         3    None
 Silence                  Hex/Air        ####......   22%         5    ####...
 Lightning Bolt           Conj/Air       ####......   32%         5    ####...
 Blade Hands              Tmut           ####......   38%         5    ####...
 Alistair's Intoxication  Tmut/Pois      ###.....     65%         5    ####...
 Invisibility             Hex            #####...     65%         6    ######.
 Iron Shot                Conj/Erth      ####......   78%         6    ######.
 Agony                    Necr           ##......     88%         5    ####...
 Excruciating Wounds      Chrm/Necr      ##........   88%         5    ####...
 Spellforged Servitor     Conj/Summ      #####.....   97%         7    #######
 Dispersal                Tloc           ###.......   98%         6    ######.
 Simulacrum               Ice/Necr       ###.......   98%         6    ######.
 Controlled Blink         Tloc           N/A          100%        8    #######
 Disjunction              Tloc           ###.......   100%        8    #######
 Infestation              Necr           ##........   100%        8    #######
 Fire Storm               Conj/Fire      ###.......   100%        9    #######
 Glaciate                 Conj/Ice       ####......   100%        9    #######
 Shatter                  Erth           #####.....   100%        9    #######


Dungeon Overview and Level Annotations

Branches:
Dungeon (15/15)            Temple (1/1) D:6            Lair (6/6) D:11
  Swamp (0/4) Lair:4       Spider (0/4) Lair:3        Slime (0/5) Lair:6
    Orc (2/2) D:10         Vaults (0/5) D:14         Depths (0/5) D:15
 Bailey (visited)
    Elf: Orc:2

Altars:
Ashenzari
Cheibriados
Dithmenos
Elyvilon
Fedhas
Gozag
Hepliaklqana
Kikubaaqudgha
Makhleb
Nemelex Xobeh
Okawaru
Qazlal
Ru
Sif Muna
Trog
Uskayaw
Vehumet
Wu Jian
Xom
Yredelemnul
Zin
The Shining One

Shops:
D:12 !

Annotations:
Orc:2 Nessos


Innate Abilities, Weirdness & Mutations

You can walk through water.
Your dull iron-grey scales are very hard. (AC +14)
You cannot fit into any form of body armour.
You can survive without breathing.
You are cold-blooded and may be slowed by cold attacks.


Message History

The iceblast engulfs you but does no damage.
Nessos's electric aura discharges, shocking you!
You feel sick. Nessos barely misses you.
Memorise Static Discharge, consuming 3 spell levels and leaving 5?
Okay, then.
You are confused.
You feel invigorated.
You feel sick. Nessos bites you but does no damage. Nessos bites you!
Nessos shocks you!
You barely miss Nessos.
Nessos is severely wounded.
You feel sick. Nessos bites you. Nessos shocks you!
* * * LOW HITPOINT WARNING * * *
You bump into the rock wall.
You feel sick. Nessos bites you!
* * * LOW HITPOINT WARNING * * *
Nessos shocks you!
* * * LOW HITPOINT WARNING * * *
Nessos bites you!
* * * LOW HITPOINT WARNING * * *
Nessos shocks you!
You die...

.......
.......
.......
$...... ###
....(.. ##.##
.......
#.@.###o#.....
#..S#.(.......
##.#).........
#.#..).##..##
....)..# .#
##.#...#.#
#.#........
#.........##.
#.........# .


You could see Nessos the shock serpent.

Vanquished Creatures
  Gastronok (D:8)
  A yaktaur captain (D:15)
  An ice dragon (Lair:2)
  A vault guard (D:14)
  4 hydras
  A centaur warrior (D:15)
  5 two-headed ogres
  An ogre mage (D:14)
  7 death yaks
  Nergalle (Lair:4)
  An orc knight (D:14)
  An orb spider (Lair:3)
  Pikel (D:3)
  A deep elf mage (D:15)
  A cyclops (D:15)
  9 elephants
  A manticore (D:14)
  Maurice (D:12)
  A molten gargoyle (Lair:6)
  A torpor snail (Lair:3)
  2 gargoyles
  A spiny frog (Lair:5)
  9 komodo dragons
  A polar bear (Lair:4)
  2 trolls
  A harpy skeleton (D:15)
  A dream sheep (Lair:6)
  4 hippogriffs
  4 blink frogs
  A meliai zombie (D:14)
  5 spriggans (Lair:5)
  2 shadows
  A wraith (Lair:4)
  2 vampires
  4 wyverns
  3 basilisks
  6 humans (D:14)
  27 yaks
  4 vampire mosquitoes
  A steam dragon (D:12)
  A warg (Orc:1)
  Menkaure (D:5)
  2 hungry ghosts
  A soldier ant (D:15)
  An acid dragon (D:14)
  6 porcupines
  5 water moccasins
  2 ice beasts
  3 sky beasts
  12 orc warriors
  2 black bears
  2 necrophages
  2 boggarts (Lair:4)
  13 centaurs
  9 ogres
  An eye of draining (D:14)
  6 wolves
  2 big kobolds
  5 crocodiles
  2 gnoll sergeants
  10 bullfrogs
  3 scorpions
  2 killer bees
  3 howler monkeys
  6 crimson imps
  3 jellies
  2 bullfrog zombies
  2 hounds
  3 orc priests
  3 orc wizards
  2 centaur skeletons
  A bullfrog skeleton (D:6)
  7 iguanas
  9 worker ants
  A hound skeleton (D:8)
  3 worker ant zombies
  5 adders
  7 gnolls
  3 shadow imps
  A white imp (Lair:2)
  2 oozes (Lair:6)
  An adder skeleton (D:6)
  3 dart slugs
  A leopard gecko (D:7)
  36 orcs
  5 giant cockroaches
  6 goblins
  11 hobgoblins
  3 jackals (D:1)
  22 kobolds
  6 quokkas
  5 ball pythons
  A bat (D:1)
  6 frilled lizards
  A jackal skeleton (D:7)
  A jackal zombie (D:5)
  3 rats
389 creatures vanquished.

Vanquished Creatures (collateral kills)
  Jorgrun (D:13)
  Rupert (Lair:4)
  A fire dragon (Lair:6)
  Josephine (Lair:4)
  A vault guard (D:14)
  7 hydras
  2 centaur warriors (D:14)
  3 two-headed ogres
  8 death yaks
  An orc high priest (Orc:1)
  An unseen horror (D:12)
  A deep elf archer (D:14)
  A lindwurm (Lair:6)
  An ugly thing (D:11)
  A deep elf mage (D:12)
  3 oklob plants
  2 cyclopes
  6 elephants
  6 black mambas
  An ice statue (Lair:2)
  2 molten gargoyles (Lair:6)
  3 gargoyles
  Maggie (D:7)
  5 spiny frogs
  A rime drake (Lair:3)
  A centaur skeleton (D:14)
  7 komodo dragons
  Prince Ribbit (D:7)
  A troll (D:12)
  A polar bear (Lair:2)
  7 blink frogs
  6 dream sheep (Lair:6)
  3 hippogriffs
  A slime creature (shapeshifter) (D:13)
  A vampire (D:13)
  2 spriggans
  4 humans (D:14)
  7 wyverns
  4 wraiths
  31 yaks
  Eustachio (D:5)
  5 basilisks
  2 vampire mosquitoes (D:13)
  A warg (D:14)
  3 hell hounds (Lair:6)
  6 water moccasins
  4 porcupines
  3 sky beasts
  3 ice beasts
  A black bear (shapeshifter) (D:15)
  2 black bears
  9 orc warriors
  2 boggarts (Lair:4)
  6 ogres
  A necrophage (D:12)
  8 wolves
  8 centaurs
  8 crocodiles
  Blork the orc (D:3)
  2 big kobolds
  6 bullfrogs
  A water moccasin zombie (D:9)
  6 killer bees
  2 howler monkeys (D:7)
  2 crimson imps (D:5)
  2 quasits
  4 lava snakes (Lair:6)
  8 jellies
  9 orc priests
  2 hounds
  An iguana (D:8)
  2 bullfrog skeletons (D:9)
  7 orc wizards
  6 worker ants
  5 hell rats (Lair:5)
  14 gnolls
  A white imp (Lair:2)
  2 oozes
  3 worms
  3 leopard geckos
  35 orcs
  2 ball pythons
  A giant cockroach (D:1)
  9 goblins
  12 hobgoblins
  2 jackals (D:1)
  8 kobolds
  A quokka (D:2)
  2 bats (D:1)
  A frilled lizard (D:1)
  A leopard gecko zombie (D:6)
  2 rats
  A fungus (Lair:6)
  2 plants
379 creatures vanquished.

Vanquished Creatures (others)
  A crimson imp (Temple)
  An orc wizard (D:5)
  A white imp (Lair:2)
  3 orcs (D:4)
  A quokka (D:10)
  11 fungi
  15 plants
33 creatures vanquished.

Grand Total: 801 creatures vanquished

Notes
Turn   | Place    | Note
-------+----------+-------------------------------------------
     0 | D:1      | CanOfBees the Draconian Summoner began the quest for the
                  | Orb.
     0 | D:1      | Reached XP level 1. HP: 14/14 MP: 3/3
   524 | D:1      | Reached skill level 1 in Shields
   549 | D:1      | Reached XP level 2. HP: 14/20 MP: 3/5
   563 | D:1      | Learned a level 2 spell: Call Imp
  1350 | D:1      | Reached XP level 3. HP: 26/26 MP: 6/6
  1399 | D:1      | Learned a level 3 spell: Call Canine Familiar
  3210 | D:2      | Reached XP level 4. HP: 24/33 MP: 7/7
  3231 | D:2      | Found an ornate altar of the Wu Jian Council.
  4542 | D:3      | Found a white marble altar of Elyvilon.
  4544 | D:3      | Found a burning altar of Makhleb.
  4544 | D:3      | Found a hide-covered altar of Uskayaw.
  4547 | D:3      | Found a hazy altar of Hepliaklqana.
  4547 | D:3      | Found a shimmering altar of Xom.
  4547 | D:3      | Found a shimmering altar of Xom.
  4625 | D:3      | Found a shadowy altar of Dithmenos.
  4878 | D:4      | Noticed an ogre
  4917 | D:3      | Killed an ogre
  4917 | D:3      | Reached skill level 1 in Fighting
  4917 | D:3      | Reached XP level 5. HP: 40/40 MP: 3/9
  5120 | D:4      | Noticed Blork the orc
  5172 | D:3      | Killed Blork the orc
  5172 | D:3      | Reached XP level 6. HP: 34/48 MP: 3/10
  5429 | D:4      | Reached skill level 2 in Fighting
  5429 | D:4      | Reached skill level 5 in Summonings
  6049 | D:4      | Learned a level 4 spell: Summon Lightning Spire
  6161 | D:4      | Noticed a slave
  6161 | D:4      | Noticed a slave
  6161 | D:4      | Noticed a slave
  6162 | D:4      | Noticed Pikel
  6269 | D:3      | Killed Pikel
  6269 | D:3      | Reached skill level 3 in Fighting
  6269 | D:3      | Reached skill level 1 in Air Magic
  6269 | D:3      | Your scales start taking on a dull iron-grey colour.
  6269 | D:3      | Reached XP level 7. HP: 57/57 MP: 10/12
  6269 | D:3      | Gained mutation: You can survive without breathing. [Grey
                  | Draconian growth]
  6653 | D:5      | Entered Level 5 of the Dungeon
  7147 | D:5      | Reached XP level 8. HP: 64/64 MP: 13/13
  7471 | D:5      | Noticed Menkaure
  7481 | D:5      | Killed Menkaure
  7481 | D:5      | Reached skill level 4 in Fighting
  7670 | D:5      | You fall into a shaft and drop 1 floor!
  7671 | D:6      | Found an opulent altar of Gozag.
  8080 | D:5      | Noticed Eustachio
  8101 | D:5      | Killed Eustachio
  8280 | D:5      | Found a radiant altar of Vehumet.
  8939 | D:5      | Learned a level 4 spell: Summon Ice Beast
  9402 | D:6      | Found a staircase to the Ecumenical Temple.
  9412 | Temple   | Entered the Ecumenical Temple
  9496 | Temple   | Became a worshipper of Sif Muna the Loreminder
  9556 | D:6      | Reached XP level 9. HP: 72/73 MP: 13/16
 10226 | D:6      | Reached skill level 1 in Invocations
 10269 | D:7      | Reached skill level 5 in Fighting
 10295 | D:7      | Reached skill level 5 in Spellcasting
 10347 | D:7      | Found a flagged portal.
 10357 | Bailey   | Entered a bailey
 11024 | Bailey   | Reached * piety under Sif Muna
 11444 | Bailey   | Reached skill level 1 in Ice Magic
 12204 | D:7      | Noticed Prince Ribbit
 12364 | D:7      | Noticed Maggie
 12378 | D:7      | Killed Maggie
 12619 | D:7      | Reached ** piety under Sif Muna
 12848 | D:7      | Killed Prince Ribbit
 13805 | D:8      | Noticed a two-headed ogre
 13818 | D:8      | Killed a two-headed ogre
 13818 | D:8      | Reached skill level 6 in Fighting
 13818 | D:8      | Reached XP level 10. HP: 65/83 MP: 3/18
 14529 | D:8      | Noticed Gastronok
 14548 | D:8      | Killed Gastronok
 14548 | D:8      | Reached skill level 1 in Evocations
 14680 | D:8      | Found a hide-covered altar of Uskayaw.
 14682 | D:8      | Found a stormy altar of Qazlal.
 14682 | D:8      | Found a bloodstained altar of Trog.
 14682 | D:8      | Found a basalt altar of Yredelemnul.
 14695 | D:8      | Found a hazy altar of Hepliaklqana.
 14695 | D:8      | Found a sacrificial altar of Ru.
 14753 | D:8      | Noticed a gargoyle
 14760 | D:8      | Killed a gargoyle
 14815 | D:8      | Found a bloodstained altar of Trog.
 14850 | D:8      | Reached skill level 5 in Ice Magic
 15032 | D:8      | Learned a level 3 spell: Summon Guardian Golem
 15035 | D:8      | Learned a level 2 spell: Sticks to Snakes
 15409 | D:9      | Reached skill level 1 in Hexes
 15589 | D:9      | Reached *** piety under Sif Muna
 15637 | D:9      | Reached skill level 7 in Fighting
 15916 | D:9      | Noticed a two-headed ogre
 15944 | D:9      | Killed a two-headed ogre
 16019 | D:9      | You fall into a shaft and drop 2 floors!
 16038 | D:10     | Entered Level 10 of the Dungeon
 16038 | D:10     | Found a white marble altar of Elyvilon.
 16472 | D:10     | Reached XP level 11. HP: 91/91 MP: 20/20
 18011 | D:10     | Reached **** piety under Sif Muna
 18070 | D:10     | Found a staircase to the Orcish Mines.
 18290 | D:11     | Noticed a red ugly thing
 18308 | D:11     | Killed a red ugly thing
 18901 | D:11     | Reached skill level 10 in Summonings
 19192 | D:11     | Found a staircase to the Lair.
 19521 | Lair:1   | Entered Level 1 of the Lair of Beasts
 19591 | Lair:1   | Reached skill level 8 in Fighting
 20215 | Lair:1   | Reached skill level 1 in Transmutations
 20655 | Lair:1   | Reached skill level 5 in Air Magic
 21432 | Lair:2   | Identified the Almanac of the Sparrow
 21551 | Lair:2   | Noticed an ice dragon
 21963 | Lair:2   | Identified a scroll of acquirement
 22313 | Lair:2   | Killed an ice dragon
 22485 | Lair:2   | Reached XP level 12. HP: 84/102 MP: 15/23
 23225 | Lair:2   | Reached skill level 9 in Fighting
 23587 | Lair:3   | Reached skill level 5 in Hexes
 23601 | Lair:3   | Noticed a six-headed hydra
 23625 | Lair:3   | Killed a six-headed hydra
 23625 | Lair:3   | Reached ***** piety under Sif Muna
 23714 | Lair:3   | Found a hole to the Spider Nest.
 23730 | Lair:3   | Reached skill level 1 in Long Blades
 24120 | Lair:3   | Identified Sif Muna's Handbook of Flying Confrontation (Sif
                  | Muna gifted it to you on level 3 of the Lair of Beasts)
 24120 | Lair:3   | Received a gift from Sif Muna
 24511 | Lair:4   | Noticed an eight-headed hydra
 24539 | Lair:4   | Killed an eight-headed hydra
 25198 | Lair:4   | Noticed Rupert
 25525 | Lair:4   | Reached skill level 10 in Fighting
 25732 | Lair:4   | Noticed a death yak
 25735 | Lair:4   | Noticed a death yak
 25736 | Lair:4   | Noticed a death yak
 25755 | Lair:3   | Killed a death yak
 25755 | Lair:3   | Reached skill level 5 in Invocations
 25961 | Lair:3   | Killed a death yak
 26028 | Lair:3   | Killed a death yak
 26294 | Lair:4   | Killed Rupert
 26360 | Lair:4   | Reached XP level 13. HP: 114/114 MP: 16/26
 26760 | Lair:4   | Noticed Nergalle
 26774 | Lair:4   | Killed Nergalle
 26814 | Lair:4   | Found a staircase to the Swamp.
 26824 | Lair:4   | Noticed Josephine
 26913 | Lair:4   | Killed Josephine
 27620 | Lair:4   | Reached skill level 5 in Long Blades
 28298 | Lair:5   | Reached skill level 10 in Spellcasting
 28354 | Lair:5   | Learned a level 3 spell: Stone Arrow
 28465 | Lair:5   | Reached skill level 5 in Dodging
 28502 | Lair:5   | Identified Sif Muna's Tome of Hurtful Boosts (Sif Muna
                  | gifted it to you on level 5 of the Lair of Beasts)
 28502 | Lair:5   | Received a gift from Sif Muna
 28603 | Lair:5   | Reached skill level 11 in Fighting
 29293 | Lair:6   | Entered Level 6 of the Lair of Beasts
 29563 | Lair:6   | Got a dazzling rapier
 29564 | Lair:6   | Identified the +7 rapier "Gyarphij" {freeze, rPois rN++}
                  | (You found it on level 6 of the Lair of Beasts)
 29674 | Lair:6   | Found a staircase to the Slime Pits.
 29858 | Lair:6   | Learned a level 1 spell: Apportation
 30515 | Lair:6   | Noticed a fire dragon
 30516 | Lair:6   | Found a large runed translucent door.
 30516 | Lair:6   | Found a large runed translucent door.
 30559 | Lair:6   | Reached skill level 1 in Conjurations
 31411 | Lair:5   | Reached XP level 14. HP: 27/124 MP: 8/28
 32290 | Lair:6   | Identified Fuod's Incunabulum of Doomed Flames (Sif Muna
                  | gifted it to you on level 6 of the Lair of Beasts)
 32290 | Lair:6   | Received a gift from Sif Muna
 32933 | Lair:1   | Learned a level 3 spell: Mephitic Cloud
 33246 | D:12     | Reached skill level 1 in Earth Magic
 33264 | D:12     | Noticed Maurice
 33450 | D:12     | Found Eciytool's Distillery.
 33467 | D:12     | Bought a potion of magic for 136 gold pieces
 33557 | D:12     | Killed Maurice
 34741 | D:13     | Noticed Jorgrun
 34765 | D:13     | Killed Jorgrun
 34765 | D:13     | Reached skill level 12 in Fighting
 35657 | D:14     | Received a gift from Sif Muna
 35872 | D:14     | Reached skill level 5 in Shields
 36548 | D:14     | Found a gate to the Vaults.
 37142 | D:14     | Found a gate to the Vaults.
 37737 | D:14     | Found a gate to the Vaults.
 38176 | D:15     | Entered Level 15 of the Dungeon
 39179 | D:15     | Found Urpheg Pue's Distillery.
 39314 | D:15     | Found a staircase to the Depths.
 39756 | Lair:1   | Reached XP level 15. HP: 134/134 MP: 29/29
 39856 | Orc:1    | Entered Level 1 of the Orcish Mines
 40109 | Orc:2    | Entered Level 2 of the Orcish Mines
 40134 | Orc:2    | Noticed Nessos
 40141 | Orc:2    | Noticed Nessos
 40141 | Orc:2    | Nessos changed into Nessos the shock serpent
 40147 | Orc:2    | Mangled by Nessos the shock serpent

Levels and vault maps discovered:
D:1:      evilmike_arrival_crescent, layout_basic
D:2:      layout_loops_corners, marbit_many_paths, kennysheep_generic_room_13
D:3:      layout_basic, doesnt_xom_only_xom, lemuel_crystal_altar
D:4:      layout_loops_ring, dk_vineyard_3, uniq_blork_the_orc, uniq_pikel
D:5:      layout_basic, vehumet_altar_wand_db, serial_rivers,
          chequers_serial_rivers_micro_e, chequers_serial_rivers_small_3,
          chequers_serial_rivers_micro_a, chequers_serial_rivers_large_a,
          chequers_serial_rivers_micro_d, chequers_serial_rivers_large_b,
          first_ration, minmay_fractal_squares_5, uniq_eustachio, uniq_menkaure
D:6:      layout_loops_corners, overflow_temple_1_default,
          minmay_temple_entry_glass
D:7:      layout_loops_cross, enter_bailey_8, hangedman_decor_diamond_cutter,
          uniq_prince_ribbit1, uniq_maggie
D:8:      layout_basic, minmay_overflow_temple_hex, basic_altar, uniq_gastronok
D:9:      layout_cross
D:10:     layout_layer_cave, david_orc_4, elyvilon_altar_4
D:11:     layout_cave_pools, lair_entry_dummy
D:12:     layout_irregular_city, serial_shops, nicolae_shop_trees,
          hangedman_stone_soup, minmay_misc_feat_encased, serial_park_tiny_2,
          skrybe_limestone_x, uniq_maurice
D:13:     layout_roguey, uniq_jorgrun
D:14:     layout_small_grid, ximxim_vaults_locker_room, grunt_potential
D:15:     grunt_enter_depths_snipers, layout_long_grid, serial_shops,
          nicolae_shop_statue_plus, serial_glass, glass_columns_a,
          glass_columns_c
Temple:   minmay_freezing_vapour_temple
Lair:1:   layout_layer_cave, beast_lair_carwin_1, infiniplex_staircase_pool_2
Lair:2:   layout_small_grid, ice2_lemuel, minmay_lair_oklob_chamber
Lair:3:   layout_cave_pods, nicolae_spider_entry_orb_guardian
Lair:4:   layout_concentric_octagons, minmay_swamp_entry_reptiles,
          kilobyte_rumbling_trees, grunt_megastairs_1, lemuel_fruit_fields,
          uniq_rupert, uniq_josephine, uniq_nergalle
Lair:5:   beast_lair_carwin_large_1, layout_regular_city,
          nicolae_volcano_entry_lava_flow, serial_bayou_pond_d,
          chequers_serial_rivers_small_3, wad_woods_01
Lair:6:   cheibrodos_lair_end_hotspot, layout_gridlike,
          nicolae_slime_entry_slimehenge
Orc:1:    layout_caves, serial_shops, shop, statue_in_the_mist_lemuel
Orc:2:    st_orc_open, layout_caves, uniq_snorg, uniq_nessos

Skill      XL: |  1  2  3  4  5  6  7  8  9 10 11 12 13 14 |
---------------+-------------------------------------------+-----
Shields        | 1 2 3 4 6 |  6.5
Fighting       | 1 3 4 6 7 8 10 11 12 | 12.6
Spellcasting   | 3 4 5 6 7 9 10 | 10.0
Summonings     | 6 7 8 9 10 | 10.0
Dodging        | 2 3 4 6 7 |  7.0
Air Magic      | 1 3 4 5 |  5.0
Invocations    | 3 4 5 8 |  8.0
Ice Magic      | 3 5 |  5.0
Evocations     | 3 4 |  4.6
Hexes          | 2 4 6 |  6.0
Transmutations | 3 4 |  4.0
Long Blades    | 4 6 9 |  9.3
Conjurations   | 1 4 |  4.0
Earth Magic    | 6 |  6.1
Translocations | 2 |  2.4
Stealth        | |  1.7

Action                   |  1- 3 |  4- 6 |  7- 9 | 10-12 | 13-15 || total
-------------------------+-------+-------+-------+-------+-------++-------
Melee: Unarmed           |     7 |    13 |    15 |       |       ||    35
       Dagger            |   163 |     1 |       |       |       ||   164
       Tailslap          |    16 |     5 |    86 |    93 |   133 ||   333
       Spear             |       |    82 |   592 |       |       ||   674
       Staff             |       |       |    17 |       |       ||    17
       Trident           |       |       |       |   288 |     6 ||   294
       Whip              |       |       |       |    37 |    37 ||    74
       Demon blade       |       |       |       |   345 |   719 ||  1064
       Rapier            |       |       |       |       |   146 ||   146
Throw: Stone             |       |    13 |       |       |    39 ||    52
       Throwing net      |       |     1 |       |       |       ||     1
       Dart              |       |     6 |    26 |    58 |     7 ||    97
       Boomerang         |       |       |     3 |       |       ||     3
       Javelin           |       |       |       |       |     4 ||     4
 Cast: Summon Small Mamm |    13 |       |       |       |     9 ||    22
       Call Imp          |    21 |    12 |    41 |     8 |     3 ||    85
       Call Canine Famil |       |    11 |    29 |    10 |     8 ||    58
       Summon Lightning  |       |       |     4 |    20 |    54 ||    78
       Summon Ice Beast  |       |       |    30 |   156 |   151 ||   337
       Sticks to Snakes  |       |       |       |    11 |     5 ||    16
       Stone Arrow       |       |       |       |       |     7 ||     7
       Apportation       |       |       |       |       |     5 ||     5
       Mephitic Cloud    |       |       |       |       |    43 ||    43
       Summon Guardian G |       |       |       |       |     4 ||     4
Invok: Channel Magic     |       |       |     2 |     2 |     3 ||     7
Evoke: Wand              |       |       |    18 |     8 |    24 ||    50
  Use: Scroll            |       |     5 |     9 |    30 |    13 ||    57
       Potion            |       |     2 |     6 |     5 |    11 ||    24
 Stab: Sleeping          |     2 |     2 |     2 |     2 |     5 ||    13
       Distracted        |       |       |     4 |     5 |    14 ||    23
       Paralysed         |       |       |       |     4 |     6 ||    10
       Confused          |       |       |       |       |    12 ||    12
  Eat: Chunk             |     8 |     8 |    30 |    53 |    38 ||   137
       Ration            |       |     1 |     1 |     3 |     5 ||    10
Armor: Skin              |    70 |    27 |   254 |   379 |   368 ||  1098
Dodge: Dodged            |   118 |    49 |   457 |   587 |   587 ||  1798
Block: Buckler           |    29 |    18 |   199 |   371 |   240 ||   857
       Kite shield       |       |       |       |       |   229 ||   229
       Rpst.: Demon blade |       |       |       |    69 |    96 ||   165

Table legend:
 A = Non-vault XP
 B = Vault XP
 C = Vault XP percentage of total XP
 D = Non-vault monster count
 E = Vault monster count
 F = Vault count percentage of total count
                 A         B        C        D         E       F
            +---------+---------+-------+---------+---------+-------
      Total |   67117 |   34148 |  33.7 |     564 |     203 |  26.5
            +---------+---------+-------+---------+---------+-------
        D:1 |      51 |       0 |   0.0 |      34 |       0 |   0.0
        D:2 |      68 |       2 |   2.9 |      24 |       2 |   7.7
        D:3 |     165 |     643 |  79.6 |      16 |       2 |  11.1
        D:4 |     253 |       0 |   0.0 |      15 |       0 |   0.0
        D:5 |     908 |     387 |  29.9 |      33 |       8 |  19.5
        D:6 |     608 |       0 |   0.0 |      20 |       0 |   0.0
        D:7 |     899 |     501 |  35.8 |      29 |       3 |   9.4
        D:8 |    1957 |    1282 |  39.6 |      33 |       1 |   2.9
        D:9 |    2522 |       0 |   0.0 |      28 |       0 |   0.0
       D:10 |    1208 |     471 |  28.1 |      15 |      15 |  50.0
       D:11 |    2543 |       0 |   0.0 |      27 |       0 |   0.0
       D:12 |    4885 |    1241 |  20.3 |      38 |       5 |  11.6
       D:13 |    2088 |    2141 |  50.6 |      17 |       2 |  10.5
       D:14 |    5623 |    5926 |  51.3 |      38 |      29 |  43.3
       D:15 |    6389 |    1923 |  23.1 |      21 |       3 |  12.5
     Temple |      16 |       0 |   0.0 |       1 |       0 |   0.0
     Lair:1 |    2091 |    1474 |  41.3 |      16 |       8 |  33.3
     Lair:2 |    2805 |    1933 |  40.8 |      18 |       9 |  33.3
     Lair:3 |    8868 |     766 |   8.0 |      39 |       2 |   4.9
     Lair:4 |    4843 |    4668 |  49.1 |      21 |      19 |  47.5
     Lair:5 |   10333 |    5009 |  32.6 |      34 |      16 |  32.0
     Lair:6 |    7099 |    5185 |  42.2 |      36 |      34 |  48.6
      Orc:1 |     720 |       0 |   0.0 |       8 |       0 |   0.0
      Orc:2 |     175 |       0 |   0.0 |       3 |       0 |   0.0
     Bailey |       0 |     596 | 100.0 |       0 |      45 | 100.0
            +---------+---------+-------+---------+---------+-------
